 Dungeon Crawl Stone Soup version 0.31.0-11-ge490571c62 (webtiles) character file.

Game seed: 9149815832961474603

84 trckry the Digger (level 4, -10/36 HPs)
             Began as a Gargoyle Earth Elementalist on Jan 28, 2024.
             Killed from afar by an orc wizard (12 damage)
             ... with a puff of flame
             ... on level 3 of the Dungeon.
             The game lasted 00:05:00 (1775 turns).

trckry the Digger (Gargoyle Earth Elementalist)     Turns: 1775, Time: 00:05:01

Health: -10/36     AC: 22    Str: 17    XL:     4   Next: 45%
Magic:  0/7        EV:  2    Int: 18    God:
Gold:   68         SH:  0    Dex: 10    Spells: 6/7 levels left

rFire   . . .        i - +0 rapier
rCold   . . .        (no shield)
rNeg    + + .        a - melded +0 robe
rPois   ∞            m - melded +1 helmet
rElec   .            (cloak currently unavailable)
rCorr   .            (gloves currently unavailable)
SInv    .            (boots currently unavailable)
Will    .....        (no amulet)
Stlth   ++           d - +6 ring of strength
HPRegen 0.26/turn    k - ring of positive energy
MPRegen 0.10/turn

%: no passive effects
@: tree-form
A: stationary, stasis, torment immunity, boosted hp, sickness immunity, AC +3,
negative energy resistance 1, (electricity resistance), torment resistance 1,
petrification resistance
a: no special abilities


You were on level 3 of the Dungeon.
You were a tree.
You visited 1 branch of the dungeon, and saw 3 of its levels.

You collected 68 gold pieces.

Inventory:

Hand Weapons
 i - a +0 rapier (weapon)
Armour
 a - a +0 robe (melded)
 m - a +1 helmet (melded)
Jewellery
 d - a +6 ring of strength (left branch)
 k - a ring of positive energy (right branch)
Scrolls
 c - a scroll of fog {unknown}
 f - a scroll of blinking {unknown}
 g - 3 scrolls of identify {unknown}
 h - a scroll of torment {unknown}
 l - a scroll of poison {unknown}
 n - a scroll of teleportation {unknown}
 o - a scroll of enchant weapon {unknown}
Potions
 b - a potion of magic
 e - a potion of attraction {unknown}


   Skills:
 - Level 1.5 Dodging
 - Level 2.1 Stealth
 - Level 2.0 Spellcasting
 + Level 2.7 Conjurations
 * Level 5.4 Earth Magic


You had 6 spell levels left.
You knew the following spells:

 Your Spells              Type           Power      Damage    Failure   Level
a - Sandblast             Erth           42%        2d11      1%          1

Your spell library contained the following spells:

 Spells                   Type           Power      Damage    Failure   Level
 Passwall                 Erth           21%        N/A       6%          3
 Stone Arrow              Conj/Erth      32%        3d9       10%         3
 Foxfire                  Conj/Fire      24%        2x1d5     11%         1
 Apportation              Tloc           2%         N/A       19%         1
 Summon Small Mammal      Summ           4%         N/A       19%         1
 Call Imp                 Summ           2%         N/A       26%         2
 Jinxbite                 Hex            2%         N/A       26%         2
 Brom's Barrelling Bould  Conj/Erth      16%        2d4       32%         4
 Call Canine Familiar     Summ           1%         N/A       47%         3
 Petrify                  Alch/Erth      11%        N/A       52%         4
 Summon Blazeheart Golem  Fire/Summ      1%         N/A       87%         4
 Alistair's Intoxication  Alch           0%         N/A       99%         5
 Plasma Beam              Fire/Air       0%         2x1d10    100%        6
 Starburst                Conj/Fire      3%         6d3       100%        6
 Summon Hydra             Summ           0%         N/A       100%        7
 Sublimation of Blood     Necr           Unusable   N/A       N/A         2

Dungeon Overview and Level Annotations

Branches:
Dungeon (3/15) Zot: 16176

Altars:


Innate Abilities, Weirdness & Mutations

You are a tree.
Your roots penetrate the ground, keeping you stationary.
You cannot be teleported.
You are immune to unholy pain and torment.
Your maximum health is greatly increased.
Your equipment is partially melded.
You are immune to sickness and miasma.
((Your stone body is resilient. (AC +3)))
You are immune to poison.
You resist negative energy. (rN+)
((You are resistant to electric shocks. (rElec)))
You are resistant to unholy torment.
You are immune to petrification.


Message History

The blast of sand hits the orc wizard.
The orc wizard is severely wounded.
The orc wizard hits you with a +0 dagger.
* * * LOW HITPOINT WARNING * * *
The orc barely misses you.
The orc wizard attacks as it pursues you!
The orc wizard hits you but does no damage.
You closely miss the orc wizard.
The orc wizard is severely wounded.
The orc wizard points at you and mumbles some strange words.
You are confused.
Okay, then.
You're too confused to cast spells.
Sorry, you're not good enough to have a special ability.
You're too confused to move!
The orc wizard hits you with a +0 dagger.
* * * LOW HITPOINT WARNING * * *
You're too confused to move!
You bump into the rock wall.
The orc wizard closely misses you. The orc closely misses you.
You bump into the rock wall.
The orc closely misses you.
The orc wizard hits you with a +0 dagger.
* * * LOW HITPOINT WARNING * * *
It was a potion of lignification.
You turn into a tree.
Your +1 helmet melds into your body.
Your +0 robe melds into your body.
Your roots penetrate the ground.
You feel less confused.
The orc wizard gestures at you while chanting.
The magic dart hits you but does no damage.
The orc hits you but does no damage. x2
Casting: Sandblast (safe; 1% risk of failure)
Confirm with . or Enter, or press ? or * to list all spells.
Aiming: Sandblast (safe; 1% risk of failure)
Press: ? - help, Shift-Dir - straight line, f/p - orc wizard
Aim: an orc wizard, wielding a +0 dagger and wearing a +0 robe (severely wounded, 79% to hit)
The blast of sand hits the orc wizard.
The orc wizard is almost dead.
The orc wizard gestures at you while chanting.
The puff of flame hits you!
You die...

#....# #.#..#
....... .####.#..#
.......###.........#
.........>...####..#
..........?..# #..#
...........# #..#
.).......####o.#
#.).....#..♣o.#
#...# #.##o.# #...#
#.##.## #...#
#.....# #...#
#.##..#
###..)########..#
#......##.......#
#....†.##.o.....#
#.....o##.#######


You could see an orc wizard and 2 orcs.

Vanquished Creatures
  An orc priest (D:3)
  Robin (D:2)
  A dart slug (D:1)
  3 orcs (D:3)
  4 endoplasms
  A giant cockroach (D:1)
  6 goblins
  5 hobgoblins
  A quokka (D:2)
  2 ball pythons
  3 frilled lizards (D:2)
  6 kobolds
  3 rats
37 creatures vanquished.

Notes
Turn   | Place    | Note
-------+----------+-------------------------------------------
     0 | D:1      | trckry the Gargoyle Earth Elementalist began the quest for
                  | the Orb.
     0 | D:1      | Reached XP level 1. HP: 10/10 MP: 3/3
   247 | D:1      | Reached skill level 4 in Earth Magic
   307 | D:1      | Reached XP level 2. HP: 14/15 MP: 1/5
  1005 | D:2      | Reached XP level 3. HP: 19/19 MP: 4/6
  1210 | D:2      | Noticed Robin
  1232 | D:2      | Killed Robin
  1362 | D:2      | Reached skill level 5 in Earth Magic
  1719 | D:3      | Reached XP level 4. HP: 24/24 MP: 4/7
  1761 | D:3      | HP: 2/24 [orc wizard/puff of flame (4)]
  1766 | D:3      | HP: 3/24 [orc wizard/+0 dagger (1)]
  1773 | D:3      | HP: 1/24 [orc wizard/+0 dagger (2)]
  1775 | D:3      | Killed from afar by an orc wizard

Illustrated notes

Levels and vault maps discovered:
D:1:      kilobyte_arrival_exit_the_forest, layout_basic
D:2:      layout_loops_ring, chequers_serial_rivers_large_a, uniq_robin
D:3:      layout_basic, gup_sewer_entry_spiral, minmay_misc_feat_enclosed,
          kennysheep_doodads, uniq_terence, uniq_sigmund

Skill      XL: |  1  2  3 |
---------------+----------+-----
Earth Magic    | 4 5 |  5.4
Conjurations   | 2 |  2.7
Dodging        | |  1.5
Stealth        | |  2.1
Spellcasting   | |  2.0

Action                     |  1- 3 |  4- 6 || total
---------------------------+-------+-------++-------
  Melee: Rapier            |    14 |    15 ||    29
   Cast: Sandblast         |    38 |    10 ||    48
    Use: Potion            |       |     1 ||     1
   Stab: Sleeping          |     1 |       ||     1
 Armour: Robe              |    11 |    31 ||    42
         Skin              |       |     4 ||     4
  Dodge: Dodged            |    14 |    29 ||    43
